 Dungeon Crawl Stone Soup version 0.32-a0-872-g59262bdc9b (webtiles) character file.

Game seed: 15347602943919562146

2582 Griffin23 the Carver (level 9, -15/77 (81) HPs)
             Began as a Minotaur Fighter on Mar 30, 2024.
             Was an Initiate of Nemelex Xobeh.
             Killed from afar by an acid dragon (21 damage)
             ... with a splash of acid
             ... on level 7 of the Dungeon.
             The game lasted 00:12:00 (8179 turns).

Griffin23 the Carver (Minotaur Fighter)             Turns: 8179, Time: 00:12:01

HP:   -15/77 (81)   AC:  8    Str: 25    XL:     9   Next: 32%
MP:   17/17         EV:  8    Int:  8    God:    Nemelex Xobeh [......]
Gold: 443           SH:  5    Dex: 10    Spells: 8/8 levels left

rFire   . . .        a - +0 long sword
rCold   . . .        c - +0 buckler
rNeg    + . .        l - +0 pearl dragon scales "Novvunk" {rN+ MP+9 Int+3}
rPois   .            (helmet restricted)
rElec   .            u - +0 cloak
rCorr   .            B - +0 pair of gloves
SInv    .            (no boots)
Will    +....        m - amulet of magic regeneration Stlth
                     t - ring of fire
HPRegen 0.32/turn    w - ring "Lesyuq" {Ice Will++}
MPRegen 0.55/turn

%: no passive effects
@: mighty, weak-willed, corroded, slowed, lightly drained, very slow
A: horns 2, retaliatory headbutt
a: Renounce Religion, Draw Escape, Draw Destruction, Draw Summoning


You were on level 7 of the Dungeon.
You worshipped Nemelex Xobeh.
Nemelex Xobeh was noncommittal.
You visited 2 branches of the dungeon, and saw 8 of its levels.
You also visited: Sewer.

You collected 443 gold pieces.

Inventory:

Hand Weapons
 a - a +0 long sword (weapon)
Missiles
 y - a throwing net (quivered)
Armour
 b - a +0 scale mail
 c - a +0 buckler (worn)
 l - the +0 pearl dragon scales "Novvunk" (worn) {rN+ MP+9 Int+3}
   (You found it on level 2 of the Dungeon)

   Int+3:     It affects your intelligence (+3).
   rN+:       It protects you from negative energy.
   MP+9:      It affects your magic capacity (+9).
 u - a +0 cloak (worn)
 B - a +0 pair of gloves (worn)
Jewellery
 j - a ring of resist corrosion
 m - an amulet of magic regeneration (around neck)
 t - a ring of fire (left hand)
 v - a ring of ice
 w - the ring "Lesyuq" (right hand) {Ice Will++}
   (You found it on level 4 of the Dungeon)

   [ring of ice]

   Ice:       It enhances your ice magic.
   rF-:       It makes you vulnerable to fire.
   rC+:       It protects you from cold.
   Will++:    It greatly increases your willpower.
 D - a ring of fire
Wands
 r - a wand of roots (7)
Scrolls
 e - 6 scrolls of teleportation
 f - a scroll of blinking {unknown}
 g - 4 scrolls of silence
 k - 3 scrolls of fog {unknown}
 o - a scroll of enchant weapon {unknown}
 q - a scroll of amnesia {unknown}
 C - 2 scrolls of immolation {unknown}
 F - 3 scrolls of noise
 G - a scroll of brand weapon {unknown}
 H - 2 scrolls of identify
 I - a scroll of fear {unknown}
Potions
 d - 2 potions of cancellation
 h - a potion of mutation {unknown}
 i - a potion of attraction {unknown}
 p - a potion of curing
 s - a potion of haste
 x - 2 potions of might
 z - a potion of invisibility {unknown}
 A - a potion of heal wounds
 E - a potion of berserk rage {unknown}


   Skills:
 + Level 7.8 Fighting
 * Level 9.8 Long Blades
 + Level 7.7 Armour
 + Level 7.8 Shields


You had 8 spell levels left.
You didn't know any spells.
Your spell library contained the following spells:

 Spells                   Type           Power      Damage    Failure   Level
 Kiss of Death            Conj/Necr      0%         2d5       77%         1
 Lesser Beckoning         Tloc           0%         N/A       88%         2
 Confusing Touch          Hex            0%         N/A       98%         3
 Dazzling Flash           Conj/Hex       0%         N/A       98%         3
 Inner Flame              Hex/Fire       0%         N/A       98%         3
 Mephitic Cloud           Conj/Alch/Air  0%         N/A       98%         3
 Teleport Other           Tloc           0%         N/A       98%         3
 Tukima's Dance           Hex            0%         N/A       98%         3
 Dimensional Bullseye     Hex/Tloc       0%         N/A       100%        4
 Dispel Undead            Necr           0%         3d6       100%        4
 Iskenderun's Mystic Bla Conj/Tloc 0%             2d3        (+2d1     100%        4
 Maxwell's Portable Pile  Tloc           0%         2d(5-10)  100%        4
 Curse of Agony           Necr           0%         N/A       100%        5
 Irradiate                Conj/Alch      0%         3d11      100%        5
 Silence                  Hex/Air        0%         N/A       100%        5
 Ignition                 Fire           0%         3d3       100%        8


Dungeon Overview and Level Annotations

Branches:
Dungeon (7/15)             Temple (1/1) D:4           Sewer (visited)

Altars:
Ashenzari
Cheibriados
Dithmenos
Fedhas
Kikubaaqudgha
Makhleb
Nemelex Xobeh
Okawaru
Qazlal
Ru
Sif Muna
Trog
Uskayaw
Vehumet
Wu Jian
Xom
Yredelemnul
Zin
The Shining One

Annotations:
D:4 2 transporters


Innate Abilities, Weirdness & Mutations

You have a pair of horns on your head.
You reflexively headbutt those who attack you in melee.


Message History

The hornet stings you but does no damage.
You feel better.
The hornet stings you but does no damage.
The acid dragon bites you!
The acid dragon claws you but does no damage.
The hornet stings you but does no damage.
The acid dragon spits acid at you. The splash of acid hits you!
The acid corrodes you!
You feel very mighty all of a sudden.
You feel yourself speed up. The hornet completely misses you.
The hornet stings you but does no damage.
The acid dragon bites you!
* * * LOW HITPOINT WARNING * * *
The acid dragon closely misses you. The hornet stings you!
* * * LOW HITPOINT WARNING * * *
You feel yourself slow down.
Okay, then.
You feel much better.
You feel yourself speed up. The hornet stings you!
* * * LOW HITPOINT WARNING * * *
You suddenly lose the ability to move!
The acid dragon bites you but does no damage.
The acid dragon claws you.
* * * LOW HITPOINT WARNING * * *
The hornet stings you.
* * * LOW HITPOINT WARNING * * *
You feel yourself slow down. The acid dragon bites you!
* * * LOW HITPOINT WARNING * * *
The acid dragon claws you.
* * * LOW HITPOINT WARNING * * *
You can move again.
As you read the scroll labelled KOUKKYS MAWK, it crumbles to dust.
A wave of despondency washes over your surroundings.
It was a scroll of vulnerability.
The hornet stings you but does no damage.
The acid dragon spits acid at you. The splash of acid hits you!!
You die...
Your body disappears without a glow.

##.......###........#
#.........##.......#####
#....#..................
##...####...............
.....##.##.............#
##........##...........#
#....#..####...........
######### #............
##...@D......
#....y...### ###.#....#
####..## ...# ..## .# .#


You could see a hornet (weak-willed) and an acid dragon (catching breath,
weak-willed).

Vanquished Creatures
  Grinder (D:4)
  Edmund (D:5)
  A water moccasin (D:5)
  2 black bears
  A centaur (D:7)
  3 ogres
  2 bullfrogs
  A brain worm (Sewer)
  3 scorpions
  9 wights (D:7)
  4 hounds
  2 bombardier beetles
  An orc priest (D:5)
  2 sleepcaps
  Crazy Yiuf (D:3)
  Jessica (D:3)
  2 iguanas
  Ijyb (D:3)
  Terence (D:2)
  2 orc wizards
  6 gnolls (D:5)
  15 adders
  A river rat (Sewer)
  A white imp (D:7)
  2 ufetubi (D:6)
  4 dart slugs
  2 ribbon worms
  16 orcs
  5 endoplasms
  4 giant cockroaches
  7 hobgoblins
  7 jackals (Sewer)
  8 quokkas
  8 ball pythons
  15 bats
  7 frilled lizards
  7 goblins
  3 kobolds
  7 rats
166 creatures vanquished.

Notes
Turn   | Place    | Note
-------+----------+-------------------------------------------
     0 | D:1      | Griffin23 the Minotaur Fighter began the quest for the Orb.
     0 | D:1      | Reached XP level 1. HP: 19/19 MP: 0/0
    93 | D:1      | Reached XP level 2. HP: 27/27 MP: 1/1
   721 | D:2      | Identified the +0 pearl dragon scales "Novvunk" {rN+ MP+9
                  | Int+3}
   926 | D:2      | Reached skill level 3 in Long Blades
  1020 | D:2      | Noticed Terence
  1039 | D:2      | HP: 2/40 [Terence/+0 mace (4)]
  1041 | D:2      | Killed Terence
  1042 | D:2      | Reached XP level 3. HP: 2/33 MP: 2/2
  1949 | D:3      | Reached XP level 4. HP: 40/40 MP: 3/3
  2101 | D:3      | Reached skill level 4 in Long Blades
  2186 | D:3      | Noticed Ijyb
  2208 | D:3      | Killed Ijyb
  2209 | D:3      | Reached XP level 5. HP: 26/47 MP: 4/4
  2416 | D:3      | Noticed Jessica
  2422 | D:3      | Killed Jessica
  2511 | D:3      | Identified the +1 robe of the King of the Hill {Slay+3}
  2604 | D:3      | Found a runed translucent door.
  2605 | D:3      | Noticed Crazy Yiuf
  3124 | D:3      | Killed Crazy Yiuf
  3292 | D:4      | Reached skill level 5 in Long Blades
  3292 | D:4      | Reached XP level 6. HP: 27/55 MP: 5/5
  3422 | D:4      | Identified the ring "Lesyuq" {Ice Will++}
  3465 | D:4      | Found a staircase to the Ecumenical Temple.
  3478 | D:4      | Found a shimmering altar of Xom.
  3521 | D:4      | Reached skill level 5 in Shields
  3602 | D:4      | Found a transporter.
  3620 | D:4      | Reached skill level 5 in Fighting
  3622 | D:4      | Noticed a kobold demonologist
  3637 | D:4      | Found a transporter.
  3663 | D:4      | Reached skill level 5 in Armour
  4360 | D:5      | Entered Level 5 of the Dungeon
  4368 | D:5      | Noticed Grinder
  4440 | D:4      | Killed Grinder
  4441 | D:4      | Reached skill level 6 in Long Blades
  4441 | D:4      | Reached XP level 7. HP: 57/61 MP: 6/6
  4497 | D:5      | Found a sacrificial altar of Ru.
  4626 | D:5      | Noticed Edmund
  4642 | D:5      | Killed Edmund
  4744 | D:5      | Reached skill level 7 in Long Blades
  4761 | D:5      | Reached XP level 8. HP: 66/70 MP: 7/7
  5301 | D:5      | Reached skill level 8 in Long Blades
  5603 | D:6      | Identified the +2 trident of Qixileaxt {flame, rF+ rC+++
                  | Str-4 Dex-2}
  5735 | D:6      | Identified the +2 robe of Gluttony {Str+3}
  5792 | D:6      | Found a glowing drain.
  5868 | Sewer    | Entered a sewer
  7261 | D:7      | Reached skill level 9 in Long Blades
  7264 | D:7      | Reached XP level 9. HP: 60/79 MP: 8/8
  7478 | Temple   | Entered the Ecumenical Temple
  7562 | Temple   | Became a worshipper of Nemelex Xobeh the Trickster
  8055 | D:7      | Identified the +2 quarterstaff "Vida" {flame, +Blink Int+3}
  8178 | D:7      | Paralysed by a hornet for 1 turns
  8179 | D:7      | Killed from afar by an acid dragon

Illustrated notes

Levels and vault maps discovered:
D:1:      sevenhm_arrival_forest_fort_small_4, layout_basic,
          corexii_leaking_fountain, wad_floor_pattern_2
D:2:      layout_basic, uniq_terence
D:3:      kb_forest_paths, layout_basic, uniq_crazy_yiuf_cottage, uniq_jessica,
          uniq_ijyb
D:4:      gammafunk_wand_slinger, layout_loops_ring, lemuel_crystal_altar,
          minmay_temple_entry_overgrown, nicolae_underground_beach
D:5:      layout_basic, lemuel_tele_altar, uniq_edmund, uniq_grinder
D:6:      layout_cave_pods, gup_sewer_entry_glass
D:7:      layout_cave_pools
Temple:   minmay_temple_bridge_d

Skill      XL: |  1  2  3  4  5  6  7  8 |
---------------+-------------------------+-----
Shields        | 4 5 6 7 |  7.8
Fighting       | 4 5 6 7 |  7.8
Long Blades    | 3 4 5 6 7 9 |  9.8
Armour         | 4 5 6 7 |  7.7

Action                     |  1- 3 |  4- 6 |  7- 9 || total
---------------------------+-------+-------+-------++-------
  Melee: Long sword        |    88 |   128 |   333 ||   549
         Headbutt          |    11 |    17 |    70 ||    98
    Use: Potion            |     4 |     2 |     7 ||    13
         Scroll            |       |       |     7 ||     7
 Armour: Scale mail        |    13 |       |       ||    13
         Pearl dragon scal |    40 |   117 |   308 ||   465
         Skin              |     4 |       |       ||     4
  Dodge: Dodged            |    30 |    44 |   137 ||   211
  Block: Buckler           |    22 |    26 |   103 ||   151

Table legend: (Time is in decaauts)
 A = Elapsed time spent in this place.
 B = Non-inter-level travel time spent in this place.
 C = Inter-level travel time spent in this place.
 D = Time resting spent in this place.
 E = Time spent auto-exploring this place.
 F = Levels seen in this place.
 G = Mean time per level.
                   A        B        C        D        E       F      G
               +--------+--------+--------+--------+--------+-----+--------+
         Total |   8462 |   7894 |    568 |    569 |   5705 |   9 |  940.2 |
       Dungeon |   7285 |   6876 |    409 |    569 |   5186 |   7 | 1040.7 |
        Temple |    161 |      2 |    159 |      0 |      0 |   1 |  161.0 |
         Sewer |   1015 |   1015 |      0 |      0 |    518 |   1 | 1015.0 |
               +--------+--------+--------+--------+--------+-----+--------+

Top non-repeatable levels by time:
     D:3: 1343 daAuts
     D:2: 1299 daAuts
     D:4: 1190 daAuts
     D:5: 1171 daAuts
   Sewer: 1015 daAuts
     D:6: 934 daAuts
     D:7: 677 daAuts
     D:1: 668 daAuts
  Temple: 161 daAuts
